Unix NetHack Version 5.0.0-0 post-release - last build May 10 2026 23:12:36 (d1fa5d53e341ca933230fdaa984d921c805b60aa,branch:main).

Game began 2026-05-11 18:36:58, ended 2026-05-11 18:58:38.

Drastanta, lawful male human Knight

                                                            -----
                                 ---------                  |...|
                  ---------  ----|..--...|    ---           |...|
                  |..--...----..--.......| ----.--          |.---
                  |.........|......^..0--- |.....--        --.|----
                  --.............---..-   --......--       |..--..|
     ----          --....---..........-----........----    |.|....--
    --..--  ---     |..    |.....----............<....---- |.|.....|
   --....----.--    |..    |-....------------...%........| |.|.u...|
   |..^........------..   --........---     ---...  ..--.| |.|e.B..|
  --...--).......--.... ---...........|                |.---.|.--.--
  |....|------......... |........^....---              |......  ---
 --.--.|     ---.......--...............|              |......
--..||.|       |........................|
|...||.--      --.......)(.......---..---
|..--|..--     --................| |.--
---- |...|     |..........---....---..|
     |...|     --.--......| |.........|
     --.--      ------.---- ----....---
      ---            ---       |..---
                               ----
Drastanta the Esquire    St:15 Dx:10 Co:12 In:9 Wi:15 Ch:18  Lawful
Dlvl:3  $:17 HP:0(30) Pw:32(32) AC:-1 Xp:4 T:1915  Hungry  

Latest messages:
 You swap places with your saddled pony.
 You swap places with your saddled pony.
 You try to move the boulder, but in vain.
 You try to move the boulder, but in vain.
 You stop.  Your saddled pony is in the way!
 You hear some noises.
 You swap places with your saddled pony.
 You swap places with your saddled pony.
 You swap places with your saddled pony.
 You swap places with your saddled pony.
 You swap places with your saddled pony.
 You swap places with your saddled pony.
 You stop.  Your saddled pony is in the way!
 You swap places with your saddled pony.
 You swap places with your saddled pony.
 You hit the floating eye.
 You are frozen by the floating eye's gaze!
 You can move again.
 You miss the floating eye.
 You are frozen by the floating eye's gaze!
 The saddled pony hits the floating eye.
 The saddled pony is frozen by the floating eye's gaze!
 The giant bat misses!
 The giant bat bites!
 The giant bat bites!
 You are beginning to feel hungry.
 The giant bat just misses!
 The giant bat misses!
 The giant bat just misses!
 The giant bat bites!
 The giant bat bites!
 The giant bat just misses!
 The giant bat bites!
 The giant bat misses!
 The giant bat misses!
 The giant bat bites!
 The giant bat bites!
 The giant bat bites!
 The giant bat bites!
 The giant bat misses!
 The giant bat bites!
 The giant bat bites!
 The giant bat bites!
 The giant bat bites!
 You die...
 Do you want your possessions identified? [ynq] (y) n
 Do you want to see your attributes? [ynq] (y) n
 Do you want an account of creatures vanquished? [ynaq] (y) n
 Do you want to see your conduct and achievements? [ynq] (y) n
 Do you want to see the dungeon overview? [ynq] (y) n

Inventory:
 Coins    ('$')
  $ - 17 gold pieces
 Weapons  (')')
  a - a +1 long sword (weapon in right hand)
 Armor    ('[')
  d - an uncursed +0 helmet (being worn)
  f - an uncursed +0 pair of leather gloves (being worn)
  s - an uncursed +0 pair of iron shoes (being worn)
  e - an uncursed +0 small shield (being worn)
  n - an uncursed +1 elven mithril-coat (being worn)
 Comestibles  ('%')
  g - 11 uncursed apples
  h - 12 uncursed carrots
  q - 2 cursed food rations
  m - an uncursed lembas wafer
  r - an uncursed tripe ration
 Scrolls  ('?')
  c - a cursed scroll of punishment
  k - an uncursed scroll of remove curse
 Potions  ('!')
  p - a blessed potion of healing
  j - an uncursed potion of healing
 Rings    ('=')
  o - an uncursed ring of regeneration
 Wands    ('/')
  i - a wand of digging (0:5)
 Tools    ('(')
  l - a cursed tin whistle

Drastanta the Knight's attributes:

Background:
 You were an Esquire, a level 4 male human Knight.
 You were lawful, nominally on a mission for Lugh
 who was opposed by Brigit (neutral) and Manannan Mac Lir (chaotic).
 You were right-handed.
 You were in the Gnomish Mines, on level 3.
 You entered the dungeon 1915 turns ago.
 You had 137 experience points, 23 more were needed to attain level 5.

Basics:
 You had 0 out of 30 hit points.
 You had all 32 energy points (spell power).
 Your armor class was -1.
 Your wallet contained 17 zorkmids.
 Autopickup was off.

Final Characteristics:
 Your strength was 15 (limit:18/100).
 Your dexterity was 10 (limit:18).
 Your constitution was 12 (limit:18).
 Your intelligence was 9 (limit:18).
 Your wisdom was 15 (limit:18).
 Your charisma was 18 (limit:18).

Final Status:
 You were hungry.
 You were unencumbered.
 You were wielding a long sword.
 You had basic skill with long sword.

Final Attributes:
 You were devoutly aligned.
 You were invisible.
 You could jump.
 You were guarded.
 You are dead.

Miscellaneous:
 You didn't encounter any bones levels.
 Total elapsed playing time was 21 minutes and 32 seconds.

Major events:
 Turn
    1: Drastanta the lawful male human Knight entered the dungeon
  661: attained the rank of Esquire (level 3)
  778: entered the Gnomish Mines
 1915: killed by a giant bat, while frozen by a floating eye's gaze

You didn't know any spells.

Skills:
 Fighting Skills
   bare handed combat [Unskilled]
   two weapon combat  [Unskilled]
   riding             [Basic]
 Weapon Skills
   dagger             [Unskilled]
   knife              [Unskilled]
   axe                [Unskilled]
   pick-axe           [Unskilled]
   short sword        [Unskilled]
   broadsword         [Unskilled]
   long sword         [Basic]
   two-handed sword   [Unskilled]
   saber              [Unskilled]
   club               [Unskilled]
   mace               [Unskilled]
   morning star       [Unskilled]
   flail              [Unskilled]
   hammer             [Unskilled]
   polearms           [Unskilled]
   spear              [Unskilled]
   trident            [Unskilled]
   lance              [Basic]
   bow                [Unskilled]
   crossbow           [Unskilled]
 Spellcasting Skills
   attack spells      [Unskilled]
   healing spells     [Unskilled]
   clerical spells    [Unskilled]

Voluntary challenges:
 Character rerolling was not enabled.
 You were an atheist.
 You were illiterate.
 You never genocided any monsters.
 You never polymorphed an object.
 You never changed form.
 You used no wishes.
Achievements:
 You entered a shop.
 You attained the rank of Esquire.
 You entered the Gnomish Mines.

 The Dungeons of Doom: levels 1 to 2
    Level 1:
       Some fountains.
    Level 2:
       A general store, some fountains, a sink.
       Stairs down to The Gnomish Mines.
 The Gnomish Mines:
    Level 3: <- You were here.
       Final resting place for
          you, killed by a giant bat, while frozen by a floating eye's gaze.


Vanquished creatures:
  2 gnome leaders
  2 floating eyes
  a dwarf
  a giant bat
 an iguana
 an acid blob
  a hobbit
  2 giant rats
  a yellow mold
  a green mold
  8 gnomes
  a gnome zombie
  5 jackals
  a fox
  3 goblins
  a sewer rat
  3 grid bugs
  5 lichens
  4 newts
44 creatures vanquished.

No species were genocided or became extinct.

Game over:
                       ----------
                      /          \
                     /    REST    \
                    /      IN      \
                   /     PEACE      \
                  /                  \
                  |    Drastanta     |
                  |      17 Au       |
                  |   killed by a    |
                  |    giant bat     |
                  |                  |
                  |                  |
                  |       2026       |
                 *|     *  *  *      | *
        _________)/\\_//(\/(/\)/\//\/|_)_______

Fare thee well Drastanta the Knight...

You died in The Gnomish Mines on dungeon level 3 with 664 points,
and 17 pieces of gold, after 1915 moves.
You were level 4 with a maximum of 30 hit points when you died.

